 Dungeon Crawl Stone Soup version 0.32-a0-484-g2eb335deba (webtiles) character file.

Game seed: 381997534375420307

10497 SmallerGod the Spear-Bearer (level 11, -1/86 HPs)
             Began as a Mummy Fighter on Feb 26, 2024.
             Was a Priest of Beogh.
             Killed from afar by Ugrim the orc apostle (21 damage)
             ... with a zap
             ... on level 11 of the Dungeon.
             The game lasted 00:19:13 (16261 turns).

SmallerGod the Spear-Bearer (Mummy Fighter)        Turns: 16261, Time: 00:19:14

Health: -1/86      AC: 23    Str: 25    XL:     11   Next: 36%
Magic:  14/14      EV:  4    Int:  7    God:    Beogh [***...]
Gold:   684        SH:  5    Dex: 11    Spells: 10/10 levels left

rFire   + . .        a - +0 trident
rCold   . . .        m - +0 buckler
rNeg    + + +        t - +0 crystal plate armour
rPois   ∞            k - +0 helmet
rElec   .            r - +0 cloak
rCorr   .            v - +0 pair of gloves
SInv    .            s - +0 pair of boots
Will    +....        (no amulet) Stlth
                     i - ring of protection from fire
HPRegen 0.34/turn    n - ring of fire
MPRegen 0.14/turn

%: faith
@: about to teleport
A: cold resistance 1, negative energy resistance 3, torment resistance 2, heat
vulnerability 1, in touch with death 1, no potions, faith
a: Renounce Religion, Smiting


You were on level 11 of the Dungeon.
You worshipped Beogh.
Beogh was most pleased with you.
You visited 1 branch of the dungeon, and saw 11 of its levels.

You collected 684 gold pieces.

Inventory:

Hand Weapons
 a - a +0 trident (weapon)
Missiles
 q - 3 curare-tipped darts (quivered)
Armour
 j - a +0 plate armour
 k - a +0 helmet (worn)
 m - a +0 buckler (worn)
 r - a +0 cloak (worn)
 s - a +0 pair of boots (worn)
 t - a +0 crystal plate armour (worn)
 v - a +0 pair of gloves (worn)
Jewellery
 i - a ring of protection from fire (left hand)
 n - a ring of fire (right hand)
 o - a ring of fire
Scrolls
 b - 3 scrolls of revelation {@r5}
 c - a scroll of vulnerability {unknown}
 d - 3 scrolls of blinking {@r4}
 e - 4 scrolls of fog {@r2}
 f - 2 scrolls of teleportation {@r3}
 g - a scroll of poison
 h - a scroll of torment
 l - a scroll of brand weapon
 p - 3 scrolls of enchant weapon
 u - a scroll of immolation


   Skills:
 + Level 8.3 Fighting
 * Level 9.3 Polearms
 + Level 7.0 Armour
 + Level 6.8 Shields
 - Level 5.0 Invocations


You had 10 spell levels left.
You didn't know any spells.
Your spell library contained the following spells:

 Spells                   Type           Power      Damage    Failure   Level
 Mercury Vapours          Alch/Air       0%         N/A       100%        2
 Mephitic Cloud           Conj/Alch/Air  0%         N/A       100%        3
 Freezing Cloud           Conj/Ice/Air   0%         6-21      100%        5


Dungeon Overview and Level Annotations

Branches:
Dungeon (11/15)            Temple (0/1) D:5            Lair (0/5) D:9
    Orc (0/2) D:11

Altars:
Cheibriados
Hepliaklqana
Nemelex Xobeh
Qazlal
Ru
Sif Muna
Trog
Uskayaw
Vehumet
Wu Jian
Xom

Shops:
D:1 !   D:3 [   D:7 :

Annotations:
D:5 Duvessa
D:7 1 runed translucent door, Crazy Yiuf
D:10 1 runed translucent door, Nebesus's ghost, journeyman CoCK


Innate Abilities, Weirdness & Mutations

Your facial features look somewhat orcish.
You are immune to poison.
Your flesh is cold resistant. (rC+)
You are immune to negative energy. (rN+++)
You are immune to unholy pain and torment.
You are vulnerable to heat. (rF-)
You are in touch with the powers of death.
You do not drink.
You have a special connection with the divine. (Faith)


Message History

A foxfire comes into view.
The foxfire dissipates! x2
The foxfire hits you but does no damage.
Ugrim casts a spell at you. The zap hits you!
* * * LOW HITPOINT WARNING * * *
Ugrim points at you and mumbles some strange words.
The zap hits you.
* * * LOW HITPOINT WARNING * * *
The foxfire dissipates!
Things that are here:
a +0 dagger; a +0 leather armour; an orc skeleton Unknown command.
Items here: ( ))) [[[ ÷÷÷.
Things that are here:
a +0 dagger; a +0 robe; an orc skeleton
Things that are here:
a +2 dagger of electrocution; a +0 robe; an orc skeleton Ugrim is nearby!
Ugrim gestures wildly while chanting.
Ugrim conjures some foxfire!
A foxfire comes into view.
A foxfire comes into view.
The foxfire moves out of view.
Ugrim is nearby!
Ugrim gestures wildly while chanting.
Ugrim conjures some foxfire! 2 foxfires come into view.
There is a stone staircase leading down here.
Beogh appreciates your bravery.
As you read the scroll of teleportation {@r3}, it crumbles to dust.
You feel strangely unstable. Ugrim gestures at you while chanting.
The zap hits the foxfire!!
The zap hits the foxfire!
The zap hits you but does no damage. The zap hits you.
* * * LOW HITPOINT WARNING * * *
Ugrim points at you and mumbles some strange words.
The zap hits the foxfire.
The zap hits you!!
You die...
Beogh appreciates Ugrim's killing of a heretic priest.

.§..)v§........#.#
§o..§.vo.##......#
..§§.§)#))#.#§####
§§....)#.)))o§####
....§..#.##.#§...#########
§§§§...#.#...§§..........#
.......#.######v.#######.#
.......#.######..# #.#
......##........@# #.#
......##################.#
......# #......)....#
####### #.###########
######## #.##......>.#
#......# #.##.######.# #
#......####.##.# #.# ≈
#......+..#....# #.# ≈
#......#.####### #.#


You could see Ugrim the orc apostle (fast, divinely empowered).

Vanquished Creatures
  2 two-headed ogres
  Pikel (D:9)
  A deep elf pyromancer (D:11)
  A cyclops (D:11)
  An elephant (D:9)
  Joseph (D:8)
  3 kobold demonologists (D:11)
  A komodo dragon (D:11)
  2 trolls (D:11)
  A hornet (D:9)
  2 shadows
  2 yaks (D:8)
  A wyvern (D:10)
  A steam dragon (D:8)
  4 vampire mosquitoes (D:11)
  Menkaure (D:7)
  2 acid dragons
  4 sky beasts
  A black bear (D:9)
  An ice beast (D:7)
  2 ogres
  7 centaurs
  A lemure (D:8)
  Blork the orc (D:5)
  A phantom (D:4)
  4 bullfrogs
  7 kobold brigands
  4 scorpions
  2 wights
  7 killer bees
  4 howler monkeys
  4 electric eels (D:8)
  3 bombardier beetles
  3 jellies
  2 gnoll boudas
  4 orc priests
  3 hounds
  A sleepcap (D:7)
  6 orc wizards
  12 gnolls
  8 adders
  A white imp (D:8)
  3 dart slugs
  3 ribbon worms
  17 orcs
  9 endoplasms
  7 giant cockroaches
  3 hobgoblins
  10 jackals
  19 kobolds
  7 quokkas
  11 ball pythons
  6 bats
  3 frilled lizards
  7 goblins
  3 rats
228 creatures vanquished.

Vanquished Creatures (collateral kills)
  A wight (D:7)
  Dowan (D:7)
2 creatures vanquished.

Vanquished Creatures (others)
  An orc warrior (D:8)
  A black bear (D:5)
  A wight (D:7)
  A jelly (D:5)
  An orc wizard (D:11)
  13 orcs
  2 jackals (D:4)
  15 foxfires (D:11)
35 creatures vanquished.

Grand Total: 265 creatures vanquished

Notes
Turn   | Place    | Note
-------+----------+-------------------------------------------
     0 | D:1      | SmallerGod the Mummy Fighter began the quest for the Orb.
     0 | D:1      | Reached XP level 1. HP: 18/18 MP: 1/1
   263 | D:1      | Found Qeamneb's Distillery.
   267 | D:1      | Reached XP level 2. HP: 24/24 MP: 2/2
   351 | D:1      | Reached skill level 2 in Polearms
   868 | D:2      | Reached XP level 3. HP: 29/29 MP: 3/3
  1028 | D:2      | Found a stormy altar of Qazlal.
  1229 | D:2      | Reached XP level 4. HP: 31/35 MP: 4/4
  1411 | D:3      | Found Mypreecw's Armour Shop.
  2025 | D:3      | Reached skill level 3 in Polearms
  2025 | D:3      | Reached XP level 5. HP: 18/42 MP: 5/5
  2949 | D:4      | Found a sacrificial altar of Ru.
  2952 | D:4      | Found a shimmering altar of Xom.
  2955 | D:4      | Found an ornate altar of the Wu Jian Council.
  3017 | D:4      | Found a hide-covered altar of Uskayaw.
  3025 | D:4      | Noticed an ogre
  3076 | D:4      | Became a worshipper of Beogh the Shepherd
  3147 | D:4      | Found a sparkling altar of Nemelex Xobeh.
  3165 | D:4      | Killed an ogre
  3166 | D:4      | Reached XP level 6. HP: 7/48 MP: 6/6
  3677 | D:4      | Reached skill level 4 in Polearms
  4118 | D:5      | Entered Level 5 of the Dungeon
  4185 | D:5      | Reached XP level 7. HP: 35/55 MP: 7/7
  4753 | D:5      | Noticed Blork the orc
  4766 | D:5      | Killed Blork the orc
  5040 | D:5      | Found a staircase to the Ecumenical Temple.
  5546 | D:7      | Reached * piety under Beogh
  5861 | D:7      | Reached skill level 5 in Fighting
  5861 | D:7      | Reached skill level 5 in Polearms
  5861 | D:7      | Reached skill level 1 in Invocations
  5861 | D:7      | Reached XP level 8. HP: 50/62 MP: 8/8
  7479 | D:6      | Found a hazy altar of Hepliaklqana.
  7617 | D:7      | Noticed Duvessa
  7617 | D:7      | Noticed Dowan
  7622 | D:7      | Killed Dowan
  7623 | D:7      | Reached skill level 6 in Polearms
  8048 | D:7      | Found a runed translucent door.
  8049 | D:7      | Noticed Crazy Yiuf
  8271 | D:7      | Reached XP level 9. HP: 63/69 MP: 10/10
  8306 | D:7      | Found Jig Bov's Tremendous Tomes.
  8355 | D:7      | Noticed Menkaure
  8365 | D:7      | Killed Menkaure
  8657 | D:7      | Reached skill level 5 in Armour
  8948 | D:8      | Reached ** piety under Beogh
  9104 | D:8      | Noticed Joseph
  9123 | D:8      | Killed Joseph
  9124 | D:8      | Reached skill level 5 in Shields
 11022 | D:8      | Found a bloodstained altar of Trog.
 11123 | D:8      | Reached skill level 7 in Polearms
 11470 | D:8      | Found a shimmering blue altar of Sif Muna.
 11964 | D:9      | Reached XP level 10. HP: 32/77 MP: 13/13
 12175 | D:9      | Found a radiant altar of Vehumet.
 12266 | D:9      | Noticed Pikel
 12624 | D:9      | Noticed a two-headed ogre
 12685 | D:9      | Killed a two-headed ogre
 12784 | D:9      | Found a staircase to the Lair.
 12784 | D:9      | Noticed an elephant
 12805 | D:9      | Killed an elephant
 12806 | D:9      | Reached skill level 8 in Polearms
 13272 | D:9      | Killed Pikel
 13326 | D:10     | Entered Level 10 of the Dungeon
 13758 | D:10     | Found a runed translucent door.
 13761 | D:10     | Noticed Nebesus's ghost (journeyman CoCK)
 13788 | D:10     | Noticed a spriggan rider
 13792 | D:10     | Identified the +5 spear of Arbitration {venom, rCorr Str+4
                  | Dex+4}
 14012 | D:10     | Found a snail-covered altar of Cheibriados.
 14563 | D:11     | Noticed a two-headed ogre
 14758 | D:11     | Noticed a cyclops
 14774 | D:11     | Killed a cyclops
 14775 | D:11     | Reached skill level 5 in Invocations
 15061 | D:11     | Killed a two-headed ogre
 15062 | D:11     | Reached XP level 11. HP: 64/86 MP: 14/14
 15253 | D:11     | Found a staircase to the Orcish Mines.
 15386 | D:11     | Reached skill level 9 in Polearms
 15588 | D:11     | Noticed a deep elf pyromancer
 15600 | D:11     | Killed a deep elf pyromancer
 16016 | D:11     | Noticed a sun demon
 16194 | D:11     | Reached *** piety under Beogh
 16217 | D:11     | Noticed Ugrim
 16261 | D:11     | Killed from afar by Ugrim the orc apostle

Illustrated notes

Levels and vault maps discovered:
D:1:      minmay_arrival_four_houses, layout_basic, serial_shops,
          nicolae_diamond_shop
D:2:      minmay_diamond_boxcup, layout_rooms, basic_altar
D:3:      layout_loops_ring, mainiacjoe_overflow_surrounded_room, serial_shops,
          shop, kennysheep_potato
D:4:      layout_layer_cave, mainiacjoe_overflow_24_doors,
          mainiacjoe_overflow_cross_hatched, grunt_temple_overflow_diamond,
          serial_forest, infiniplex_forest_end_3,
          infiniplex_forest_lined_corner, infiniplex_forest_lined_room_2,
          infiniplex_forest_clump_long, infiniplex_forest_zigzag_1
D:5:      layout_basic, minmay_temple_entry_fiery, uniq_blork_the_orc
D:6:      layout_basic, nicolae_hepliaklqana_hippocampus
D:7:      layout_gridville, nicolae_concentric_dashed_squares_mild,
          nicolae_shop_i_like_big_books, uniq_crazy_yiuf_cottage, uniq_menkaure,
          uniq_duvessa
D:8:      kennysheep_six_static_rooms, layout_loops_cross, trog_book,
          hellmonk_sif_muna_bookshelves, serial_bayou, serial_bayou_shore_b,
          serial_bayou_pond_e, serial_bayou_lagoon_b, serial_bayou_crossing,
          uniq_joseph
D:9:      layout_small_grid, vehumet_crystals, grunt_lair_entry_orc_guard_hut,
          uniq_pikel
D:10:     layout_grid_maze, kennysheep_slug_shrine, ebering_ghost_funeral_grove
D:11:     layout_basic, hiddenorc2_lemuel, kennysheep_generic_room_7

Skill      XL: |  1  2  3  4  5  6  7  8  9 10 11 |
---------------+----------------------------------+-----
Polearms       | 2 3 4 5 6 7 8 9 |  9.3
Shields        | 3 4 5 6 |  6.8
Armour         | 3 4 5 6 7 |  7.0
Fighting       | 4 5 6 7 8 |  8.3
Invocations    | 1 2 4 5 |  5.0

Action                     |  1- 3 |  4- 6 |  7- 9 | 10-12 || total
---------------------------+-------+-------+-------+-------++-------
  Melee: Trident           |   128 |   262 |   551 |   417 ||  1358
  Throw: Throwing net      |       |     1 |       |       ||     1
 Invoke: Convert to Beogh  |       |     1 |       |       ||     1
         Smiting           |       |       |       |     7 ||     7
  Evoke: Wand              |       |       |    24 |    21 ||    45
    Use: Scroll            |       |     5 |     9 |     4 ||    18
   Stab: Distracted        |       |       |       |     1 ||     1
 Armour: Scale mail        |    82 |    21 |       |       ||   103
         Plate armour      |       |   219 |   582 |   132 ||   933
         Crystal plate arm |       |       |       |   292 ||   292
  Dodge: Dodged            |    49 |    61 |   153 |    81 ||   344
  Block: Buckler           |    24 |    46 |   142 |   108 ||   320

Table legend: (Time is in decaauts)
 A = Elapsed time spent in this place.
 B = Non-inter-level travel time spent in this place.
 C = Inter-level travel time spent in this place.
 D = Time resting spent in this place.
 E = Time spent auto-exploring this place.
 F = Levels seen in this place.
 G = Mean time per level.
                   A        B        C        D        E       F      G
               +--------+--------+--------+--------+--------+-----+--------+
         Total |  16362 |  15501 |    861 |   5017 |   7775 |  11 | 1487.5 |
       Dungeon |  16362 |  15501 |    861 |   5017 |   7775 |  11 | 1487.5 |
               +--------+--------+--------+--------+--------+-----+--------+

Top non-repeatable levels by time:
     D:8: 3466 daAuts
     D:7: 1879 daAuts
     D:5: 1698 daAuts
     D:4: 1654 daAuts
    D:11: 1616 daAuts
     D:9: 1197 daAuts
    D:10: 1195 daAuts
     D:6: 1119 daAuts
     D:3: 916 daAuts
     D:1: 855 daAuts
     D:2: 762 daAuts
